 Dungeon Crawl Stone Soup version 0.31.0-32-g396128a36d (webtiles) character file.

Game seed: 3026832981965889267

1080 PriceMaster the Digger (level 8, -11/51 HPs)
             Began as an Octopode Earth Elementalist on Apr 23, 2024.
             Killed from afar by Ijyb (19 damage)
             ... with a bolt of light
             ... on level 5 of the Dungeon.
             The game lasted 00:09:30 (4955 turns).

PriceMaster the Digger (OpEE)                       Turns: 4955, Time: 00:09:31

Health: -11/51     AC:  1    Str:  7    XL:     8   Next: 29%
Magic:  15/15      EV: 13    Int: 23    God:
Gold:   194        SH:  0    Dex: 12    Spells: 5/16 levels left

rFire   . . .        t - +3 short sword
rCold   + . .        a - orb of the Inviting Gods {light, Int+3}
rNeg    . . .        (helmet restricted)
rPois   .            n - amulet of the acrobat
rElec   .            g - ring of protection from cold
rCorr   .            (no ring)
SInv    .            (no ring)
Will    .....        (no ring)
Stlth   ++           (no ring)
HPRegen 0.28/turn    (no ring)
MPRegen 0.14/turn    (no ring)
                     (no ring)

%: acrobat
@: very slightly contaminated, glowing
A: almost no armour, amphibious, 8 rings, camouflage 1, gelatinous body 1,
(nimble swimmer 1), tentacles
a: no special abilities


You were on level 5 of the Dungeon.
You visited 1 branch of the dungeon, and saw 5 of its levels.

You collected 194 gold pieces.

Inventory:

Hand Weapons
 b - a +0 short sword
 d - a +0 rapier
 s - a +0 whip of venom
 t - a +3 short sword (weapon)
Armour
 a - the orb of the Inviting Gods (worn) {light, Int+3}
   (You acquired it on level 4 of the Dungeon)

   Int+3:     It affects your intelligence (+3).
Magical Staves
 c - a staff of earth
Jewellery
 g - a ring of protection from cold (left tentacle)
 n - an amulet of the acrobat (around mantle)
Wands
 i - a wand of iceblast (10)
 q - a wand of charming (7)
Scrolls
 e - 2 scrolls of teleportation
 m - 2 scrolls of identify
 o - a scroll of blinking {unknown}
 p - a scroll of noise
 u - a scroll of amnesia
 v - a scroll of brand weapon {unknown}
Potions
 h - a potion of mutation {unknown}
 k - 4 potions of curing {unknown}
 l - 2 potions of might {unknown}
 r - 2 potions of brilliance {unknown}


   Skills:
 * Level 2.6 Fighting
 + Level 0.1 Short Blades
 * Level 3.3 Dodging
 * Level 4.9 Stealth
 * Level 4.9 Spellcasting
 * Level 3.3 Conjurations
 * Level 6.0 Earth Magic
 + Level 0.4 Evocations


You had 5 spell levels left.
You knew the following spells:

 Your Spells              Type           Power      Damage    Failure   Level
a - Sandblast             Erth           66%        2d15      1%          1
b - Stone Arrow           Conj/Erth      54%        3d10      4%          3
c - Vampiric Draining     Necr           5%         2d6       28%         3
d - Petrify               Alch/Erth      19%        N/A       26%         4

Your spell library contained the following spells:

 Spells                   Type           Power      Damage    Failure   Level
 Passwall                 Erth           33%        N/A       2%          3
 Slow                     Hex            20%        N/A       10%         1
 Brom's Barrelling Bould  Conj/Erth      27%        2d5       14%         4
 Confusing Touch          Hex            5%         N/A       28%         3
 Sigil of Binding         Hex            5%         N/A       28%         3


Dungeon Overview and Level Annotations

Branches:
Dungeon (5/15)             Temple (0/1) D:5

Altars:
Hepliaklqana
Yredelemnul

Annotations:
D:5 Ijyb


Innate Abilities, Weirdness & Mutations

You cannot wear most types of armour.
You are amphibious.
You can wear up to eight rings at the same time.
Your skin changes colour to match your surroundings (Stealth+).
Your rubbery body absorbs attacks. (AC +1, EV +1)
((You are camouflaged when in or above water. (Stealth+)))
You have tentacles for arms and can constrict up to eight enemies at once.


Message History

You fall asleep.
The sleepcap releases spores at you.
You wake up.
* * * LOW HITPOINT WARNING * * *
You are engulfed in a cloud of soporific spores!
You are unaffected.
You feel much better. The sleepcap releases spores at you!
Casting: Stone Arrow (dangerous; 4% risk of failure)
Confirm with . or Enter, or press ? or * to list all spells.
Aiming: Stone Arrow (dangerous; 4% risk of failure)
Press: ? - help, Shift-Dir - straight line, f/p - sleepcap
Aim: a sleepcap (severely damaged, haloed, 100% to hit)
The stone arrow hits the sleepcap!
You destroy the sleepcap!
Ijyb screams, "No!
No, no, no, no!"
Ijyb zaps a wand.
The bolt of light hits you!!
* * * LOW HITPOINT WARNING * * *
Unknown command.
You are confused.
You feel invigorated.
You closely miss Ijyb. Ijyb hits you with a +0 dagger.
You bump into the rock wall.
Ijyb closely misses you. Ijyb attacks as she pursues you!
Ijyb completely misses you.
You puncture Ijyb!
Ijyb is moderately wounded.
You feel less invigorated.
You feel less confused.
Ijyb zaps a wand.
The bolt of light hits you!!
You are confused.
* * * LOW HITPOINT WARNING * * *
You're too confused to cast spells.
Ijyb hits you with a +0 dagger.
* * * LOW HITPOINT WARNING * * *
You're too confused to cast spells.
Ijyb zaps a wand.
The bolt of light misses you.
Okay, then.
You hit Ijyb but do no damage.
Ijyb is moderately wounded.
You feel less confused.
Ijyb zaps a wand.
The bolt of light hits you!!
You die...

#[.........### ###........### #
).##. ##........#.# ## ..#
................#)# #. ...#
...###..#......#.# #. #
#..##..##..##......#.# ##. #.
#...[.....####.###..# #..
..##.....##.# #.# #.## #.. ..
.>........#@.####.# #.# #.. :.#
.. ##......g..##..# #.# ##..
...##. #......###.....# #.###.).
#..#.#..##.#.# ####..###.##)...
#.... ##..#.# #....#.#...#.
#...##...#.### #.##.#.#.#.#.
...#...#........# #.##.#.#...#.
.........#<##.#.####.##.#....##.
................................


You could see Ijyb.

Vanquished Creatures
  Eustachio (D:4)
  Sigmund (D:4)
  An ice beast (D:5)
  A sky beast (D:5)
  A black bear (D:4)
  A gnoll sergeant (D:4)
  A bombardier beetle (D:4)
  A hound (D:5)
  An orc priest (D:4)
  3 jellies
  A sleepcap (D:5)
  3 orc wizards
  9 gnolls (D:4)
  4 adders
  A white imp (D:5)
  3 dart slugs
  A ribbon worm (D:3)
  15 orcs
  7 ball pythons
  7 bats
  6 endoplasms
  4 giant cockroaches
  4 goblins
  6 hobgoblins
  8 jackals (D:1)
  2 quokkas
  3 frilled lizards
  8 kobolds
  2 rats
106 creatures vanquished.

Vanquished Creatures (collateral kills)
  A ball python (D:4)
1 creature vanquished.

Grand Total: 107 creatures vanquished

Notes
Turn   | Place    | Note
-------+----------+-------------------------------------------
     0 | D:1      | PriceMaster the Octopode Earth Elementalist began the quest
                  | for the Orb.
     0 | D:1      | Reached XP level 1. HP: 11/11 MP: 3/3
   158 | D:1      | Reached XP level 2. HP: 17/17 MP: 1/5
   503 | D:1      | Reached XP level 3. HP: 21/21 MP: 3/6
  1073 | D:2      | Reached XP level 4. HP: 27/27 MP: 4/7
  1305 | D:2      | Reached skill level 1 in Fighting
  1547 | D:3      | Found a hazy altar of Hepliaklqana.
  1613 | D:3      | Learned a level 3 spell: Stone Arrow
  1617 | D:3      | Learned a level 3 spell: Vampiric Draining
  1952 | D:3      | Found a faded altar of an unknown god.
  2245 | D:3      | Reached skill level 4 in Earth Magic
  2677 | D:4      | Reached XP level 5. HP: 32/33 MP: 6/9
  2877 | D:4      | Reached XP level 6. HP: 38/38 MP: 6/11
  3225 | D:4      | Noticed Sigmund
  3232 | D:4      | Found a basalt altar of Yredelemnul.
  3234 | D:4      | Noticed Eustachio
  3242 | D:4      | Your ally Sigmund died
  3336 | D:4      | Killed Eustachio
  3337 | D:4      | Reached skill level 5 in Earth Magic
  3337 | D:4      | Reached XP level 7. HP: 42/45 MP: 3/13
  3976 | D:4      | Learned a level 4 spell: Petrify
  4328 | D:4      | Identified a scroll of acquirement
  4331 | D:4      | Acquired the orb of the Inviting Gods {light, Int+3}
  4360 | D:5      | Entered Level 5 of the Dungeon
  4377 | D:5      | HP: 2/45 [white imp (2)]
  4393 | D:5      | Reached XP level 8. HP: 7/51 MP: 1/15
  4864 | D:5      | Found a staircase to the Ecumenical Temple.
  4871 | D:5      | Reached skill level 6 in Earth Magic
  4929 | D:5      | Noticed Ijyb
  4955 | D:5      | Killed from afar by Ijyb

Illustrated notes

Levels and vault maps discovered:
D:1:      mainiacjoe_arrival_oval_in_oval, layout_basic
D:2:      layout_rooms
D:3:      layout_basic, mainiacjoe_overflow_boulevard,
          dreamdust_ecumenical_altar_angels_and_demons
D:4:      layout_rooms, mainiacjoe_overflow_small_starburst, lightli_minifort,
          uniq_sigmund, uniq_eustachio
D:5:      layout_rooms, minmay_temple_entry_waves, uniq_ijyb

Skill      XL: |  1  2  3  4  5  6  7  8 |
---------------+-------------------------+-----
Stealth        | 3 4 |  4.9
Fighting       | 1 2 |  2.6
Earth Magic    | 4 5 6 |  6.0
Spellcasting   | 3 4 |  4.9
Dodging        | 3 |  3.3
Conjurations   | 2 3 |  3.3
Short Blades   | |  0.1
Evocations     | |  0.4

Action                     |  1- 3 |  4- 6 |  7- 9 || total
---------------------------+-------+-------+-------++-------
  Melee: Short sword       |     6 |    31 |     5 ||    42
         Tentacles         |     1 |     3 |     4 ||     8
         Constrict         |     1 |     3 |     2 ||     6
         Rapier            |       |       |    12 ||    12
         Punch             |       |       |     1 ||     1
   Cast: Sandblast         |    45 |    59 |    22 ||   126
         Stone Arrow       |       |    14 |    18 ||    32
         Petrify           |       |       |     2 ||     2
  Evoke: Wand              |       |     1 |     1 ||     2
    Use: Potion            |     1 |     3 |     6 ||    10
         Scroll            |       |       |     9 ||     9
   Stab: Sleeping          |       |     1 |     2 ||     3
         Petrified         |       |       |     3 ||     3
 Armour: Skin              |    21 |    84 |    42 ||   147
  Dodge: Dodged            |    24 |    39 |    50 ||   113
